 Dungeon Sprint DCSS version 0.21-a0-39-g28ea6b7 (webtiles) character file.

1789 Kidiri the Thaumaturge (level 8, -29/51 HPs)
             Began as a Deep Elf Fire Elementalist on May 31, 2017.
             Was an Initiate of Vehumet.
             Killed from afar by a polar bear (36 damage)
             ... with an exploding inner flame
             ... hexed by the player character
             ... in the Dungeon (Sprint II: "The Violet Keep of Menkaure").
             The game lasted 00:05:58 (741 turns).

Kidiri the Thaumaturge (Deep Elf Fire Elementalist)  Turns: 741, Time: 00:05:59

Health: -29/51     AC:  2    Str:  5    XL:     8   Next: 82%
Magic:  11/27      EV: 18    Int: 23    God:    Vehumet [......]
Gold:   982        SH:  0    Dex: 15    Spells: 16/34 levels left

rFire    . . .     SeeInvis .   (no weapon)
rCold    . . .     Gourm    .   (no shield)
rNeg     . . .     Faith    .   a - +0 robe
rPois    .         Spirit   .   (no helmet)
rElec    .         Reflect  .   (no cloak)
rCorr    .         Harm     .   (no gloves)
MR       .....     NoTele   +   (no boots)
Stlth    ++........             (no amulet)
Regen    0.2/turn               (no ring)
MPRegen  0.2/turn               (no ring)

@: no status effects
A: no striking features
a: Renounce Religion


You were in the Dungeon.
You worshipped Vehumet.
Vehumet was noncommittal.
You were not hungry.

You visited 1 branch You collected 982 gold pieces.

Inventory:

Armour
 a - a +0 robe (worn)
Scrolls
 i - a scroll of blinking
Potions
 d - a potion of curing
 e - a potion of heal wounds
 f - a potion of haste
 h - a potion of berserk rage
Books
 b - a book of Flames

   Spells                             Type                      Level
   a - Flame Tongue                   Conjuration/Fire             1
   b - Throw Flame                    Conjuration/Fire             2
   c - Conjure Flame                  Conjuration/Fire             3
   d - Inner Flame                    Hexes/Fire                   3
   e - Sticky Flame                   Conjuration/Fire             4
   f - Fireball                       Conjuration/Fire             5
Comestibles
 c - a bread ration
 g - 5 chunks of flesh


   Skills:
 + Level 6.1 Fighting
 + Level 6.2 Armour
 + Level 9.3 Dodging
 - Level 2.4 Stealth
 * Level 13.6 Spellcasting
 + Level 8.3 Conjurations
 + Level 9.0 Fire Magic


You had 16 spell levels left.
You knew the following spells:

 Your Spells              Type           Power        Failure   Level  Hunger
a - Flame Tongue          Conj/Fire      #####        1%          1    None
b - Throw Flame           Conj/Fire      ######       1%          2    None
c - Conjure Flame         Conj/Fire      ######..     1%          3    None
d - Inner Flame           Hex/Fire       #####...     1%          3    None
e - Sticky Flame          Conj/Fire      ######..     1%          4    None
f - Fireball              Conj/Fire      ######....   3%          5    ###....


Dungeon Overview and Level Annotations

Branches:
Dungeon (1/1)

Altars:
Cheibriados
Dithmenos
Elyvilon
Fedhas
Gozag
Hepliaklqana
Kikubaaqudgha
Makhleb
Nemelex Xobeh
Okawaru
Qazlal
Ru
Sif Muna
Trog
Uskayaw
Vehumet
Wu Jian
Xom
Yredelemnul
Zin
The Shining One
Beogh
Jiyva
Lugonu

Shops:
D !(:%=:%?}[*[[=!%

Annotations:
D exclusion: oklob plant


Message History

* * * LOW HITPOINT WARNING * * *
The hornet is engulfed in blazing flames.
The polar bear barely misses you. x2; The polar bear completely misses you.
The hornet is engulfed in blazing flames.
You kill the hornet!
Vehumet accepts your kill.
Your Fire Magic skill increases to level 9!
There is a bloodstained altar of Trog here.
There is a basalt altar of Yredelemnul here.
Okay, then.
Casting: Flame Tongue
Confirm with . or Enter, or press ? or * to list all spells.
Aiming: Flame Tongue
Press: ? - help, Shift-Dir - straight line, f/p - polar bear
Aim: a polar bear (almost dead, berserk, fast, unusually strong, inner flame)
The flame tongue hits the polar bear.
The polar bear explodes!
The fiery explosion engulfs you!
Ouch! That really hurt!
You die...

.##......≈≈c≈≈≈h≈≈≈≈≈≈
##≈≈.....≈#§########+###
≈≈≈≈§≈≈..≈#§§..._..#≈≈≈#
≈§§≈§≈≈≈.≈#§§.._._.#§≈§≈
≈≈§≈≈≈≈§≈≈#§†._._._#§§§§
≈≈§≈≈≈§≈≈≈#.._._._.#≈≈§§
#≈≈≈≈§≈≈≈≈#._._.§§_#≈≈§§
##≈≈≈###≈≈#_._.§§§.#t≈≈§
≈ #≈≈#._._§@§_#t§§ ≈§+
#≈≈#_._._...#§§≈ ≈##
≈≈≈≈§##########§≈≈≈ ##
######≈≈≈≈≈≈≈≈≈≈≈≈≈ #
≈≈§###≈########≈▓▓▓
≈§≈≈##≈ ▓▓ §§§≈§+≈
≈§≈≈### §§§#


You could see 2 crocodiles.

Vanquished Creatures
  A polar bear (D)
  A hornet (D)
  2 tyrant leeches (D)
  2 hippogriffs (D)
  A vampire mosquito (D)
  Menkaure (D)
  4 necrophages (D)
  A crocodile (D)
  4 worker ants (D)
17 creatures vanquished.

Vanquished Creatures (others)
  A crocodile (D)
1 creature vanquished.

Grand Total: 18 creatures vanquished

Notes
Turn   | Place    | Note
-------+----------+-------------------------------------------
     0 | D        | Kidiri the Deep Elf Fire Elementalist began the quest for the Orb.
     0 | D        | Reached XP level 1. HP: 10/10 MP: 6/6
     1 | D        | Noticed a hippogriff
     1 | D        | Noticed a hippogriff
     5 | D        | Noticed a worker ant
     5 | D        | Noticed a worker ant
     5 | D        | Noticed a worker ant
     5 | D        | Noticed a worker ant
     9 | D        | Killed a worker ant
     9 | D        | Reached skill level 1 in Fighting
     9 | D        | Reached skill level 1 in Armour
     9 | D        | Reached skill level 5 in Spellcasting
     9 | D        | Reached XP level 2. HP: 11/16 MP: 2/10
    15 | D        | Reached XP level 3. HP: 15/21 MP: 9/12
    20 | D        | Reached skill level 6 in Spellcasting
    20 | D        | Reached XP level 4. HP: 19/26 MP: 5/14
    30 | D        | Learned a level 2 spell: Throw Flame
    34 | D        | Learned a level 3 spell: Conjure Flame
    38 | D        | Learned a level 3 spell: Inner Flame
    43 | D        | Learned a level 4 spell: Sticky Flame
   134 | D        | Noticed Menkaure
   134 | D        | Noticed a necrophage
   134 | D        | Noticed a necrophage
   134 | D        | Noticed a necrophage
   134 | D        | Noticed a necrophage
   143 | D        | Killed a necrophage
   143 | D        | Killed a necrophage
   143 | D        | Reached skill level 5 in Dodging
   143 | D        | Reached skill level 8 in Spellcasting
   143 | D        | Reached skill level 5 in Fire Magic
   143 | D        | Reached XP level 5. HP: 32/32 MP: 0/17
   143 | D        | Reached skill level 9 in Spellcasting
   143 | D        | Reached skill level 5 in Conjurations
   149 | D        | Killed a necrophage
   149 | D        | Killed a necrophage
   149 | D        | Reached XP level 6. HP: 38/38 MP: 14/20
   149 | D        | Killed Menkaure
   149 | D        | Reached skill level 10 in Spellcasting
   156 | D        | Learned a level 5 spell: Fireball
   221 | D        | Killed a hippogriff
   221 | D        | Reached skill level 11 in Spellcasting
   221 | D        | Reached XP level 7. HP: 44/44 MP: 13/23
   224 | D        | Killed a hippogriff
   224 | D        | Reached skill level 5 in Fighting
   224 | D        | Reached skill level 5 in Armour
   303 | D        | Noticed a tyrant leech
   303 | D        | Noticed a tyrant leech
   310 | D        | Killed a tyrant leech
   310 | D        | Reached skill level 12 in Spellcasting
   315 | D        | Killed a tyrant leech
   315 | D        | Reached XP level 8. HP: 17/50 MP: 10/26
   517 | D        | Noticed a flying skull
   517 | D        | Noticed a flying skull
   518 | D        | Noticed a flying skull
   518 | D        | Noticed a flying skull
   518 | D        | Noticed a flying skull
   518 | D        | Noticed a flying skull
   518 | D        | Noticed a flying skull
   518 | D        | Noticed a flying skull
   518 | D        | Noticed a flying skull
   519 | D        | Noticed a flying skull
   519 | D        | Noticed a flying skull
   530 | D        | Noticed a flying skull
   549 | D        | Found Inoll's Antique Armour Shop.
   549 | D        | Found Litt's Jewellery Shop.
   550 | D        | Found Pyophap's Antique Armour Boutique.
   550 | D        | Found Quijumn's General Store.
   553 | D        | Reached skill level 13 in Spellcasting
   558 | D        | Found Susaos's Gadget Boutique.
   558 | D        | Found Pedghefu's Food Shop.
   558 | D        | Found Zafovvi's Magic Scroll Shop.
   606 | D        | Found Sauwnumeh's Food Shop.
   606 | D        | Found Osoxziqe's Antique Armour Boutique.
   606 | D        | Found Ibbalano's Book Boutique.
   607 | D        | Found Dyutaps's Distillery.
   607 | D        | Noticed a hell hog
   611 | D        | Found Ficullol's Jewellery Boutique.
   611 | D        | Found Wiwirchuc's Food Shop.
   611 | D        | Noticed an oklob plant
   612 | D        | Found Ohiehoex's Antique Weapon Shop.
   612 | D        | Found Tel Qirch's Book Shoppe.
   612 | D        | Found Uczoq's Distillery.
   613 | D        | Noticed a hell hog
   637 | D        | Noticed a spiny frog
   661 | D        | Noticed a spiny frog
   688 | D        | Found a blossoming altar of Fedhas.
   689 | D        | Found a white marble altar of Elyvilon.
   690 | D        | Found a shadowy altar of Dithmenos.
   690 | D        | Found a corrupted altar of Lugonu.
   690 | D        | Found an opulent altar of Gozag.
   690 | D        | Found a burning altar of Makhleb.
   691 | D        | Found a snail-covered altar of Cheibriados.
   691 | D        | Found an ancient bone altar of Kikubaaqudgha.
   691 | D        | Found a bloodstained altar of Trog.
   692 | D        | Found a roughly hewn altar of Beogh.
   692 | D        | Found a viscous altar of Jiyva.
   692 | D        | Found a deep blue altar of Sif Muna.
   693 | D        | Found a hazy altar of Hepliaklqana.
   693 | D        | Found a sacrificial altar of Ru.
   694 | D        | Found a shimmering altar of Xom.
   695 | D        | Found a stormy altar of Qazlal.
   695 | D        | Found an ornate altar of the Wu Jian Council.
   695 | D        | Found a sparkling altar of Nemelex Xobeh.
   695 | D        | Found a hide-covered altar of Uskayaw.
   695 | D        | Found a basalt altar of Yredelemnul.
   695 | D        | Found a glowing golden altar of the Shining One.
   695 | D        | Noticed a hornet
   695 | D        | Noticed a polar bear
   696 | D        | Found an iron altar of Okawaru.
   696 | D        | Found a radiant altar of Vehumet.
   696 | D        | Found a glowing silver altar of Zin.
   696 | D        | Noticed a yaktaur
   711 | D        | Became a worshipper of Vehumet
   723 | D        | Noticed a polar bear
   727 | D        | Noticed a polar bear
   730 | D        | Killed a polar bear
   739 | D        | Killed a hornet
   741 | D        | Killed a polar bear
   741 | D        | Killed from afar by a polar bear

Vault maps used:
D:        the_violet_keep_of_menkaure

Skill      XL: |  1  2  3  4  5  6  7  8 |
---------------+-------------------------+-----
Fighting       | 1 2 3 4 5 6 |  6.1
Armour         | 1 2 3 4 5 6 |  6.2
Dodging        | 3 4 5 6 7 8 9 |  9.3
Spellcasting   | 5 6 8 9 11 12 13 | 13.6
Conjurations   | 2 3 4 5 6 7 8 |  8.3
Fire Magic     | 4 5 6 7 8 9 |  9.0
Stealth        | |  2.4

Action                   |  1- 3 |  4- 6 |  7- 9 || total
-------------------------+-------+-------+-------++-------
 Cast: Flame Tongue      |    12 |    17 |     7 ||    36
       Conjure Flame     |       |     3 |     5 ||     8
       Inner Flame       |       |     2 |     2 ||     4
       Sticky Flame      |       |     1 |     5 ||     6
  Use: Potion            |     1 |     1 |       ||     2
Armor: Robe              |       |       |     2 ||     2
Dodge: Dodged            |    13 |     3 |     9 ||    25
